 Dungeon Crawl Stone Soup version 0.29.1-2-gbd0b4ee654 (webtiles) character file.

Game seed: 11848825116617713972

260 Nerdsrcool the Ruffian (level 5, -7/53 HPs)
             Began as a Troll Monk on Oct 27, 2022.
             Mangled by an ogre
             ... wielding a +0 giant club
              (23 damage)
             ... on level 4 of the Dungeon on Oct 28, 2022.
             The game lasted 00:12:44 (1932 turns).

Nerdsrcool the Ruffian (Troll Monk)                 Turns: 1932, Time: 00:12:45

Health: -7/53      AC:  4    Str: 21    XL:     5   Next: 95%
Magic:  4/4        EV: 10    Int:  6    God:
Gold:   108        SH:  0    Dex: 12    Spells: 4/4 levels left

rFire   x . .      SeeInvis .   d - +3 mace (protect)
rCold   + . .      Faith    .   (no shield)
rNeg    . . .      Spirit   .   a - +0 robe
rPois   .          Reflect  .   (helmet restricted)
rElec   .          Harm     .   (no cloak)
rCorr   .          Rampage  .   (gloves unavailable)
Will    .....                   (boots unavailable)
Stlth   ++........              (no amulet)
HPRegen 0.97/turn               k - ring of ice
MPRegen 0.09/turn               (no ring)

@: no status effects
A: large, unfitting armour, claws 3, regeneration 1, shaggy fur 1, tough skin 1
a: no special abilities


You were on level 4 of the Dungeon.
You visited 1 branch of the dungeon, and saw 4 of its levels.

You collected 160 gold pieces.
You spent 52 gold pieces at shops.

Inventory:

Hand Weapons
 d - a +3 mace of protection (weapon)
Missiles
 h - 5 poisoned darts (quivered)
 m - 2 boomerangs
 n - 3 atropa-tipped darts
Armour
 a - a +0 robe (worn)
 c - a +2 buckler
 r - a +0 crystal plate armour
 t - a +2 pair of gloves
Jewellery
 k - a ring of ice (left claw)
Scrolls
 b - a scroll of teleportation {unknown}
 j - a scroll of noise
 o - a scroll of fear {unknown}
 q - a scroll of immolation {unknown}
 s - a scroll of magic mapping {unknown}
Potions
 e - a potion of mutation {unknown}
 g - 2 potions of attraction
 i - a potion of lignification {unknown}
 l - a potion of flight {unknown}
 p - a potion of heal wounds {unknown}


   Skills:
 + Level 3.4 Fighting
 + Level 3.4 Dodging
 + Level 2.0 Stealth
 + Level 4.2 Unarmed Combat


You had 4 spell levels left.
You didn't know any spells.
Your spell library contained the following spells:

 Spells                   Type           Power      Damage    Failure   Level
 Dazzling Flash           Conj/Hex       0%         N/A       83%         3
 Iskenderun's Mystic Bla  Conj/Tloc      0%         2d3       99%         4
 Starburst                Conj/Fire      0%         6d3       100%        6


Dungeon Overview and Level Annotations

Branches:
Dungeon (4/15)
 Temple: D:4-7

Altars:

Shops:
D:2 *[=?   D:3 (


Innate Abilities, Weirdness & Mutations

You are too large for most types of armour.
You have claws for hands.
Your natural rate of healing is unusually fast.
You are covered in fur. (AC +1)
You have tough skin. (AC +1)


Message History

The gnoll hits you with a +0 flail. The gnoll hits you with a +0 flail!
An ogre comes into view. It is wielding a +0 giant club.
The ogre shouts!
You hit the gnoll.
The gnoll is moderately wounded.
The gnoll closely misses you.
You hit the gnoll.
The gnoll is heavily wounded.
The gnoll hits you with a +0 flail.
You sock the gnoll!
You kill the gnoll!
Items here: )) ††.
You hit the ogre.
The ogre is moderately wounded.
The ogre hits you with a +0 giant club!!
* * * LOW HITPOINT WARNING * * *
You are too injured to fight recklessly!
You are too injured to fight recklessly!
You are too injured to fight recklessly!
You are too injured to fight recklessly!
You are too injured to fight recklessly!
You are too injured to fight recklessly!
You are too injured to fight recklessly!
You are too injured to fight recklessly!
You are too injured to fight recklessly!
You are too injured to fight recklessly!
You are too injured to fight recklessly!
You are too injured to fight recklessly!
Blink to where?
Press: ? - help, Dir - move target
As you read the scroll of blinking, it crumbles to dust.
You are too injured to fight recklessly!
Throw: 6 darts (poison)
Press: ? - help, Q - select action, (/) - cycle Shift-Dir - straight line, f - ogre
Aim: an ogre, wielding a +0 giant club (moderately wounded, 73% to hit)
You throw a poisoned dart.
The poisoned dart barely misses the ogre.
The ogre attacks as you move away!
The ogre hits you with a +0 giant club!!
You die...

.... ##.. ####. ... ... ... . #.#
#.. #.###.... ... # #.......# #..
...# ##.# ##@..# #. ##.# # ....#
#....##.O### #( #..# #..
.....###.. #....## #.##..###..
..(......#####..#######.....##..#
..........####..................#
...........##....... #...†.##...
..................### ##...####..
......<.......(...## ##......#..
.....##....$....#..####..........


You could see an ogre.

Vanquished Creatures
  An orc priest (D:4)
  Jessica (D:2)
  An iguana (D:3)
  Natasha (D:4)
  5 gnolls
  3 adders
  2 worms
  7 orcs
  7 ball pythons
  2 bats (D:2)
  6 endoplasms
  2 giant cockroaches
  6 hobgoblins
  4 jackals (D:1)
  3 quokkas
  A frilled lizard (D:3)
  5 goblins
  4 kobolds
  5 rats
66 creatures vanquished.

Notes
Turn   | Place    | Note
-------+----------+-------------------------------------------
     0 | D:1      | Nerdsrcool the Troll Monk began the quest for the Orb.
     0 | D:1      | Reached XP level 1. HP: 22/22 MP: 0/0
    48 | D:1      | Reached XP level 2. HP: 25/29 MP: 1/1
   329 | D:1      | Found a faded altar of an unknown god.
   382 | D:1      | Reached XP level 3. HP: 35/36 MP: 2/2
   582 | D:2      | Found Xipodic's General Store.
   712 | D:2      | Found Uveatikh's Armour Emporium.
   730 | D:2      | Found Pogoriki's Jewellery Emporium.
   834 | D:2      | Found Rugiv's Magic Scroll Boutique.
   841 | D:2      | Noticed Jessica
   844 | D:2      | Killed Jessica
   845 | D:2      | Reached XP level 4. HP: 44/44 MP: 3/3
  1045 | D:2      | Bought a scroll of identify for 26 gold pieces
  1045 | D:2      | Bought a scroll of identify for 26 gold pieces
  1073 | D:3      | Found Lenio's Antique Weapon Shoppe.
  1386 | D:3      | Reached XP level 5. HP: 46/53 MP: 4/4
  1716 | D:4      | Noticed Natasha
  1719 | D:4      | Killed Natasha
  1720 | D:4      | Reached skill level 4 in Unarmed Combat
  1919 | D:4      | Noticed an ogre
  1932 | D:4      | Mangled by an ogre

Illustrated notes

Levels and vault maps discovered:
D:1:      grunt_arrival_lava_bath, layout_basic,
          hellmonk_ecumenical_altar_pennies_from_heaven
D:2:      layout_basic, serial_shops, shop, shop, shop, nicolae_shop_crystal,
          chequers_arboretum, uniq_jessica
D:3:      layout_rooms, serial_shops, nicolae_shop_trees, serial_bayou_pond_d,
          amethyst_killhole
D:4:      layout_layer_cave, overflow_temple_1_default,
          minmay_misc_feat_encased, uniq_robin, uniq_blork_the_orc,
          uniq_natasha, uniq_grinder

Skill      XL: |  1  2  3  4  5 |
---------------+----------------+-----
Fighting       | 3 |  3.4
Dodging        | 3 |  3.4
Unarmed Combat | 4 |  4.2
Stealth        | 2 |  2.0

Action                   |  1- 3 |  4- 6 || total
-------------------------+-------+-------++-------
Melee: Unarmed           |    19 |       ||    19
       Mace              |    61 |    53 ||   114
       Punch             |       |     1 ||     1
Throw: Boomerang         |    20 |    68 ||    88
       Dart              |       |     1 ||     1
  Use: Scroll            |       |     6 ||     6
       Potion            |       |     1 ||     1
Armor: Robe              |    52 |    31 ||    83
Dodge: Dodged            |    54 |    37 ||    91
